Map: Orbital Shipyard

Players

Reynor - Winner!

  • Race: Zerg Zerg
  • League: Grandmaster

Semper

  • Race: Terran Terran
  • League: Grandmaster

Event: DreamHack ROCCAT LotV Championship

VOD

Have the link to the VOD?

Description

Time

  • Played on: Nov. 26, 2015, 9:58 a.m.
  • Length: 12:59

All games in this series

Show
View Real Time Build Order
Export as new Build Order

Reynor Zerg - Winner!

Build Orders: Hatch First, Muta Ling Bane 

Get SALT Encoding   

  12  0:01  Drone  
  13  0:12  Overlord  
  13  0:17  Drone  
  14  0:23  Drone, Extractor  
  15  0:30  Drone  
  15  0:34  Drone  
  17  0:53  Hatchery  
  17  0:56  Drone  
  17  0:59  Drone  
  17  1:01  Extractor  
  17  1:07  Drone  
  18  1:20  Spawning Pool  
  18  1:21  Drone  
  18  1:28  Drone  
  19  1:39  Overlord  
  19  2:06  Queen x2  
  19  2:07  Zergling x2  
  24  2:08  Drone x2  
  24  2:10  Metabolic Boost  
  24  2:12  Drone  
  27  2:18  Drone  
  27  2:21  Drone  
  29  2:28  Drone  
  30  2:32  Drone  
  31  2:38  Overlord  
  31  2:43  Drone  
  32  2:44  Queen  
  34  2:55  Drone  
  34  2:58  Hatchery  
  34  3:00  Zergling x4  
  34  3:05  Zergling x2  
  36  3:10  Zergling x2  
  37  3:15  Drone x3  
  37  3:17  Overlord  
  37  3:19  Zergling x6  
  42  3:39  Zergling x2  
  42  3:40  Zergling x6  
  46  3:46  Drone  
  47  3:50  Lair  
  47  3:56  Zergling x6  
  47  3:57  Drone x2  
  52  4:08  Overlord x2  
  52  4:09  Queen  
  54  4:13  Drone  
  54  4:17  Drone  
  55  4:29  Drone x2  
  55  4:30  Drone x2  
  55  4:31  Drone  
  60  4:33  Drone  
  60  4:34  Drone x3  
  64  4:39  Extractor  
  64  4:40  Drone  
  64  4:41  Extractor  
  64  4:42  Drone, Extractor  
  64  4:43  Drone  
  64  4:47  Drone  
  64  4:48  Drone  
  64  4:50  Overlord  
  66  4:53  Overlord  
  66  4:56  Drone  
  66  4:57  Baneling Nest, Drone  
  66  5:04  Overlord  
  66  5:08  Drone  
  66  5:09  Drone x4  
  71  5:15  Drone x2  
  71  5:17  Drone  
  71  5:19  Spire  
  71  5:20  Queen  
  75  5:24  Drone x3  
  75  5:25  Drone  
  75  5:27  Drone  
  80  5:29  Drone  
  80  5:31  Evolution Chamber  
  80  5:32  Evolution Chamber, Drone x2  
  80  5:33  Drone  
  82  5:38  Drone x5  
  82  5:40  Centrifical Hooks  
  82  5:42  Drone  
  88  5:48  Overlord  
  88  5:49  Drone  
  89  5:52  Drone  
  89  5:56  Overlord  
  90  5:58  Zerg Ground Armor Level 1, Zerg Melee Weapons Level 1  
  90  6:00  Drone, Extractor  
  90  6:01  Extractor  
  90  6:02  Drone  
  88  6:12  Drone x2, Zergling x2  
  88  6:13  Zergling x12  
  88  6:17  Overlord  
  97  6:22  Hatchery, Zergling x2  
  97  6:23  Overlord  
  97  6:34  Overlord  
  98  6:40  Zergling x16  
  105  6:47  Zergling x2  
  105  6:52  Mutalisk x2  
  105  6:53  Mutalisk  
  112  6:58  Baneling x2  
  112  6:59  Mutalisk x2, Baneling  
  112  7:00  Mutalisk x2  
  120  7:02  Baneling x2  
  120  7:03  Baneling x3  
  120  7:13  Drone  
  120  7:14  Overlord x3  
  121  7:16  Hatchery  
  121  7:17  Overlord, Extractor  
  121  7:22  Mutalisk  
  121  7:25  Overlord  
  120  7:31  Mutalisk x2  
  120  7:36  Drone x6  
  120  7:37  Drone x4  
  132  7:43  Mutalisk x3  
  138  7:48  Mutalisk  
  138  7:51  Drone x4  
  143  7:56  Zergling x2  
  143  7:57  Zergling x4  
  147  8:05  Mutalisk  
  147  8:06  Mutalisk x2  
  147  8:11  Drone x4  
  147  8:12  Spine Crawler  
  153  8:13  Spine Crawler  
  153  8:14  Mutalisk x2  
  153  8:17  Zergling x2  
  153  8:18  Zergling x4  
  157  8:21  Extractor  
  157  8:22  Spine Crawler, Zergling x2  
  157  8:26  Mutalisk  
  157  8:27  Mutalisk  
  156  8:29  Overlord  
  156  8:32  Zergling x8  
  163  8:35  Pneumatized Carapace  
  163  8:41  Spore Crawler  
  163  8:42  Spore Crawler  
  163  8:43  Zergling x2  
  163  8:44  Zergling x12  
  163  8:47  Baneling  
  163  8:48  Baneling x10  
  168  8:52  Zerg Flyer Weapons Level 1  
  168  8:56  Zergling x18  
  168  8:59  Zerg Melee Weapons Level 2  
  168  9:00  Overlord  
  175  9:11  Zergling x2  
  175  9:12  Zergling x10  
  175  9:13  Baneling x2  
  175  9:14  Baneling x7  
  175  9:15  Overlord x2  
  181  9:29  Zergling x4  
  181  9:30  Overseer x2  
  181  9:31  Overlord  
  181  9:37  Zergling x18  
  189  9:42  Mutalisk x2  
  189  9:44  Zergling x6  
  193  9:46  Zergling x2  
  193  9:48  Zergling x6  
  193  9:49  Zergling x2  
  167  9:55  Zergling x2  
  167  9:56  Zergling x4  
  167  9:57  Baneling  
  167  9:58  Baneling x7  
  168  10:00  Zergling x2  
  168  10:01  Baneling, Zergling x4  
  168  10:02  Baneling x16  
  168  10:04  Zergling x2  
  168  10:05  Zergling x4  
  174  10:09  Zerg Ground Armor Level 2  
  174  10:15  Zergling x4  
  174  10:17  Zergling x6  
  174  10:18  Zergling x2  
  164  10:38  Zergling x2  
  164  10:39  Zergling x12  
  164  10:40  Zergling x8  
  164  10:42  Mutalisk x4  
  152  10:44  Zergling x2  
  152  10:45  Zergling x12  
  166  10:51  Zergling x8  
  166  10:52  Mutalisk  
  166  10:56  Zergling x2  
  165  10:58  Zergling x4  
  154  11:04  Baneling  
  154  11:05  Baneling x9  
  154  11:07  Spore Crawler, Zergling x12  
  154  11:08  Zergling x4  
  154  11:11  Mutalisk x3  
  161  11:15  Infestation Pit  
  166  11:24  Zergling x10  
  171  11:26  Baneling  
  171  11:27  Baneling x6  
  171  11:29  Mutalisk x2  
  175  11:33  Zergling x6  
  175  11:36  Baneling x2  
  175  11:37  Baneling x4  
  175  11:38  Zergling x8  
  182  11:41  Hatchery  
  181  11:48  Mutalisk x2  
  181  11:52  Zergling x4  
  184  12:00  Zergling x26  
  181  12:03  Baneling  
  181  12:04  Baneling x2  
  175  12:10  Zergling x4  
  175  12:12  Zergling x4  
  175  12:14  Mutalisk x2  
  162  12:15  Zergling x4  
  162  12:20  Zergling x6  
  162  12:22  Zergling x4  
  165  12:23  Zergling x2  
  165  12:24  Zergling x2  
  162  12:31  Baneling  
  162  12:32  Baneling x3  
  162  12:33  Zergling x2  
  162  12:34  Zergling x12  
  162  12:36  Overseer  
  166  12:37  Overseer  
Show
View Real Time Build Order
Export as new Build Order

Semper Terran 

Build Orders: Bio Mine 

Get SALT Encoding   

  12  0:01  SCV  
  13  0:13  SCV  
  14  0:21  Supply Depot  
  14  0:25  SCV  
  15  0:42  SCV  
  16  0:44  Barracks  
  16  0:47  Refinery  
  16  0:54  SCV  
  17  1:07  SCV  
  18  1:19  SCV  
  19  1:30  Barracks Reactor  
  19  1:31  Orbital Command  
  19  1:43  Command Center  
  19  1:57  SCV  
  20  2:04  Supply Depot  
  20  2:06  Reaper  
  20  2:07  Reaper  
  22  2:09  SCV  
  23  2:26  SCV  
  24  2:32  Command Center  
  24  2:38  SCV  
  24  2:39  Reaper  
  26  2:46  Reaper  
  26  2:50  SCV  
  28  2:57  Supply Depot  
  28  3:02  Orbital Command  
  28  3:03  SCV  
  29  3:11  Reaper  
  30  3:15  SCV  
  30  3:17  Barracks  
  31  3:23  Barracks  
  31  3:27  SCV  
  31  3:33  Reaper  
  33  3:40  SCV  
  34  3:43  SCV  
  34  3:46  Orbital Command  
  34  3:48  Marine  
  35  3:52  SCV  
  35  3:53  Refinery  
  35  3:55  Refinery  
  37  3:56  SCV  
  38  4:04  SCV  
  38  4:07  Barracks Tech Lab, Marine x2  
  38  4:08  SCV  
  42  4:16  SCV  
  42  4:17  SCV  
  44  4:19  Marine  
  44  4:20  SCV  
  45  4:28  Marine  
  45  4:29  Marine  
  45  4:30  SCV  
  44  4:31  Marine  
  44  4:33  SCV, Stimpack  
  44  4:35  SCV  
  44  4:37  Marine  
  47  4:42  SCV  
  47  4:44  Factory  
  47  4:45  SCV, Refinery  
  49  4:46  Marine x2  
  49  4:51  SCV, Marine  
  51  4:55  Marine  
  51  4:56  SCV  
  51  4:58  SCV  
  54  5:00  Supply Depot, Engineering Bay x2  
  54  5:03  SCV  
  54  5:04  Marine x2  
  57  5:08  SCV  
  57  5:09  Marine, Orbital Command  
  57  5:10  SCV  
  57  5:13  Marine  
  61  5:20  SCV  
  62  5:22  Marine x2  
  62  5:26  Terran Infantry Weapons Level 1, Terran Infantry Armor Level 1  
  62  5:27  Marine  
  65  5:28  Starport, Factory Reactor  
  65  5:30  SCV  
  65  5:32  SCV  
  68  5:39  SCV  
  68  5:40  Marine x2  
  72  5:42  SCV  
  72  5:45  Marine  
  72  5:47  Barracks Reactor, Bunker  
  72  5:49  SCV, Bunker  
  73  5:53  SCV  
  73  5:55  SCV  
  75  5:57  Supply Depot  
  75  5:58  Supply Depot x2, Marine  
  75  6:01  Marine  
  77  6:11  Factory Reactor  
  77  6:19  SCV x3, Marine x2  
  77  6:20  Medivac  
  77  6:21  Supply Depot, Barracks  
  77  6:22  Barracks  
  83  6:31  SCV x2  
  83  6:32  Marine x3, Medivac  
  87  6:36  Combat Shields  
  87  6:37  SCV  
  90  6:43  SCV  
  90  6:44  SCV  
  90  6:46  Missile Turret x2  
  92  6:49  Armory, Missile Turret  
  92  6:50  SCV  
  92  6:51  Marine  
  92  6:52  Supply Depot, Marine x2  
  95  6:59  Marine x2  
  95  7:00  Widow Mine x2  
  101  7:02  SCV x2  
  101  7:04  Factory  
  101  7:05  Refinery  
  103  7:09  SCV, Marine, Supply Depot  
  103  7:10  Supply Depot  
  103  7:12  Marine x2  
  103  7:14  Barracks Reactor x2  
  107  7:19  Supply Depot, Marauder  
  107  7:21  Marine  
  110  7:27  Marine  
  110  7:29  Marine  
  111  7:35  Marine  
  111  7:36  Widow Mine x2  
  115  7:39  Marine  
  115  7:40  Marine  
  115  7:43  Medivac x2  
  121  7:45  Marine  
  121  7:46  Terran Infantry Armor Level 2  
  121  7:47  Marine  
  121  7:49  Supply Depot  
  123  7:52  Marine x3  
  123  7:57  Marine x3  
  131  7:58  Factory Tech Lab, Marauder  
  131  8:00  Terran Vehicle And Ship Armor Level 1  
  131  8:03  Marine  
  131  8:05  Marine  
  132  8:10  Marine x3  
  135  8:14  Marine  
  135  8:15  Marine  
  135  8:17  Marine  
  135  8:18  Medivac  
  135  8:19  Marine, Widow Mine x3, Medivac  
  143  8:20  Drilling Claws  
  143  8:22  Supply Depot  
  143  8:26  Supply Depot  
  143  8:27  Supply Depot, Marine x2  
  151  8:37  Marine  
  151  8:39  Marine  
  151  8:40  Supply Depot  
  153  8:41  Command Center  
  153  8:42  Marine x4  
  153  8:44  Marine  
  158  8:51  Marine  
  158  8:53  Medivac x2  
  163  8:59  Marine  
  164  9:03  Marine x2  
  164  9:08  Marine  
  167  9:15  Marine x5  
  167  9:16  Marine  
  173  9:21  Marine x2  
  175  9:26  Marine  
  176  9:32  Marine  
  176  9:33  Marauder, Marine x3  
  176  9:34  Marine  
  183  9:39  Marine x2, Widow Mine  
  183  9:41  Engineering Bay  
  183  9:42  Widow Mine x2  
  183  9:44  Marine  
  182  9:48  Medivac  
  182  9:50  Marine  
  182  9:51  Marine x2  
  178  9:55  Marine  
  178  9:56  Marine x2  
  181  10:02  Marine x2  
  181  10:03  Terran Infantry Weapons Level 2  
  183  10:07  Widow Mine, Terran Infantry Armor Level 3, Medivac  
  189  10:14  Marauder  
  189  10:15  SCV x3  
  189  10:16  Marine  
  189  10:17  Medivac  
  195  10:21  Missile Turret, Widow Mine  
  195  10:23  Missile Turret x2  
  195  10:27  SCV  
  186  10:37  Medivac  
  186  10:42  Marine x7  
  142  10:43  Marauder  
  142  10:44  Planetary Fortress  
  142  10:47  Missile Turret  
  142  10:48  Missile Turret  
  147  10:51  Widow Mine x2  
  147  10:52  Liberator  
  147  10:53  Marine  
  147  10:54  Liberator  
  145  11:00  Marine x2  
  145  11:04  Marine x6  
  123  11:06  Widow Mine  
  135  11:11  Marine  
  135  11:13  Barracks x2  
  135  11:15  Command Center  
  135  11:18  SCV x2, Marine x2  
  138  11:19  SCV  
  138  11:23  Marauder  
  138  11:25  SCV  
  144  11:26  Missile Turret  
  144  11:29  Widow Mine x2  
  144  11:30  SCV, Marine  
  150  11:34  Widow Mine  
  150  11:35  Marine  
  150  11:36  Marine x2  
  155  11:41  Barracks  
  155  11:43  Marine  
  155  11:44  Marauder  
  154  11:57  Marine x4  
  136  12:02  Marine x5  
  136  12:04  Widow Mine x2  
  136  12:05  Marauder  
  142  12:15  Marine x5  
  115  12:19  Marine  
  115  12:20  Marine x4  
  110  12:27  Marauder  
  93  12:32  Marine  
  93  12:33  Marine x5  
  103  12:37  Marine  
  103  12:38  Marine x4  

Tags
 
Add a new tag
Caveats
  • Supply blocks, unpowered buildings, or Contaminate may cause inaccurate times.
  • Supply counts are checked every 10 seconds.